 Dungeon Crawl Stone Soup version 0.28.0 (webtiles) character file.

Game seed: 616052052954482976

837 dolemite99 the Slicer (level 7, 0/50 HPs)
             Began as a Demonspawn Gladiator on Feb 17, 2022.
             Killed from afar by an orc wizard (6 damage)
             ... with a puff of flame
             ... on level 5 of the Dungeon.
             The game lasted 00:04:28 (5063 turns).

dolemite99 the Slicer (Demonspawn Gladiator)        Turns: 5063, Time: 00:04:28

Health: 0/50       AC:  7    Str: 16    XL:     7   Next: 66%
Magic:  7/7        EV: 10    Int:  9    God:
Gold:   174        SH:  0    Dex: 21    Spells: 6/6 levels left

rFire   . . .      SeeInvis .   b - +1 dagger (elec)
rCold   . . .      Faith    .   (no shield)
rNeg    . . .      Spirit   .   w - +0 scale mail
rPois   .          Reflect  .   c - +0 helmet
rElec   .          Harm     .   (no cloak)
rCorr   .          Rampage  .   (no gloves)
Will    .....                   (no boots)
Stlth   ..........              (no amulet)
HPRegen 0.16/turn               x - +6 ring of dexterity
MPRegen 0.10/turn               (no ring)

@: no status effects
A: demonic guardian 1, powered by pain 1, demonic touch 2
a: no special abilities


You were on level 5 of the Dungeon.
You visited 1 branch of the dungeon, and saw 5 of its levels.

You collected 174 gold pieces.

Inventory:

Hand Weapons
 a - a +0 rapier
 b - a +1 dagger of electrocution (weapon)
 v - a +0 hunting sling
Missiles
 d - 3 throwing nets (quivered)
 e - 110 stones
 h - 58 arrows
 m - 47 bolts
 y - 6 poisoned darts
Armour
 c - a +0 helmet (worn)
 j - a +0 ring mail
 o - a +0 leather armour
 w - a +0 scale mail (worn)
Jewellery
 r - a ring of ice
 x - a +6 ring of dexterity (left hand)
Scrolls
 g - a scroll of immolation {unknown}
 k - a scroll of amnesia {unknown}
 q - a scroll of torment {unknown}
 t - a scroll of summoning {unknown}
 u - a scroll of enchant armour {unknown}
Potions
 f - a potion of curing {unknown}
 i - a potion of heal wounds {unknown}
 l - a potion of lignification {unknown}
 n - 2 potions of brilliance {unknown}
 p - 4 potions of attraction {unknown}
 s - a potion of resistance {unknown}
 z - a potion of haste {unknown}


   Skills:
 - Level 2.0 Fighting
 + Level 8.4 Short Blades
 - Level 1.7 Throwing
 - Level 2.6 Dodging


You had 6 spell levels left.
You didn't know any spells.
Your spell library contained the following spells:

 Spells                   Type           Power      Damage    Failure   Level
 Beastly Appendage        Tmut           0%         N/A       83%         1
 Freeze                   Ice            0%         1d3       83%         1
 Sandblast                Erth           0%         2d4       83%         1
 Sting                    Tmut/Pois      0%         1d3       83%         1
 Passwall                 Tmut/Erth      0%         N/A       93%         2
 Wereblood                Tmut           0%         N/A       93%         2
 Frozen Ramparts          Ice            0%         1d2       99%         3
 Spider Form              Tmut/Pois      0%         N/A       99%         3
 Stone Arrow              Conj/Erth      0%         3d7       99%         3
 Hailstorm                Conj/Ice       0%         3d3       100%        4


Dungeon Overview and Level Annotations

Branches:
Dungeon (5/15)
 Temple: D:4-7

Altars:
Kikubaaqudgha
Makhleb
Sif Muna
Vehumet
Zin


Innate Abilities, Weirdness & Mutations

A weak demonic guardian rushes to your aid.
You sometimes gain a little power by taking damage.
Your touch may inflict irresistible damage on your foes.


Message History

Reactivating autopickup.
Deactivating autopickup; reactivate with Ctrl-A.
You miss something.
You touch something.
You hear some strange, mumbled words.
A puff of flame appears from out of thin air!
The puff of flame hits you but does no damage.
You hit something but do no damage.
You touch something.
Reactivating autopickup.
You feel a bit more experienced.
You hit the hound.
The hound is lightly wounded.
The hound barely misses you.
You closely miss the hound.
The hound is lightly wounded.
The hound bites you.
* * * LOW HITPOINT WARNING * * *
You hit the hound. Lightning courses through the hound!
The hound is almost dead.
The hound misses you.
You closely miss the hound.
You touch the hound.
You kill the hound!
The orc wizard casts a spell at you. The puff of flame hits you!
* * * LOW HITPOINT WARNING * * *
A demonic guardian appears!
Things that are here:
a +0 short sword; a +0 robe; 16 gold pieces You hit the orc wizard.
Lightning courses through the orc wizard!
Your touch misses the orc wizard.
The orc wizard is almost dead.
The orc wizard hits you with a +0 dagger.
* * * LOW HITPOINT WARNING * * *
You closely miss the orc wizard. Your touch misses the orc wizard.
The orc wizard is almost dead.
You barely miss the orc wizard.
The orc wizard is almost dead.
The orc wizard casts a spell at you. The puff of flame hits you.
You die...

###..Z. ##
#.##....##.#.#.♣##'
..... ..#
#.##.##.##.#.##....
#Z#.# #..#
#.##.##.##....#####
##o#.##.#.#
#.##.##.######.#
.......##.#
#.......# #.# ##
.h.⌠....#.#
####.#### #.# #.
o.⌠...#...# #.# #.#
#.
Z._..#...#########.#
#.# #.
###.##..###...Zo@5.#
#.###.
##.##..####.########
#..<.. .......o....#
#####. #...Z..######
#. ######## #. #. ##


You could see an orc wizard (ally target), a centaur skeleton and a friendly
ufetubus (summoned).

Vanquished Creatures
  A bullfrog (D:4)
  2 scorpions
  A water moccasin zombie (D:5)
  A water moccasin skeleton (D:5)
  A jelly (D:4)
  4 hounds
  A bullfrog skeleton (D:5)
  A bullfrog zombie (D:5)
  2 centaur skeletons (D:5)
  An iguana (D:5)
  2 orc wizards
  7 gnolls
  4 adders
  An ufetubus (D:5)
  3 worms
  2 dart slugs (D:3)
  5 orcs
  6 ball pythons
  7 bats
  9 endoplasms
  9 giant cockroaches
  8 goblins
  9 hobgoblins
  3 kobolds
  5 quokkas
  3 rats
98 creatures vanquished.

Vanquished Creatures (collateral kills)
  An orc (D:3)
1 creature vanquished.

Vanquished Creatures (others)
  A human (D:4)
  2 plants (D:1)
3 creatures vanquished.

Grand Total: 102 creatures vanquished

Notes
Turn   | Place    | Note
-------+----------+-------------------------------------------
     0 | D:1      | dolemite99 the Demonspawn Gladiator began the quest for the
                  | Orb.
     0 | D:1      | Reached XP level 1. HP: 16/16 MP: 1/1
   116 | D:1      | Reached skill level 3 in Short Blades
   123 | D:1      | Gained mutation: You sometimes gain a little power by
                  | taking damage. [demonic ancestry]
   123 | D:1      | Reached XP level 2. HP: 19/22 MP: 2/2
   202 | D:1      | Found a faded altar of an unknown god.
   311 | D:1      | Got Plato's Compendium of Envenoming
  1128 | D:2      | Gained mutation: Your touch may inflict minor irresistible
                  | damage on your foes. [demonic ancestry]
  1128 | D:2      | Reached XP level 3. HP: 24/27 MP: 3/3
  1290 | D:2      | Reached skill level 4 in Short Blades
  1558 | D:3      | Reached XP level 4. HP: 29/33 MP: 4/4
  2016 | D:3      | Reached skill level 5 in Short Blades
  2676 | D:3      | Gained mutation: A weak demonic guardian rushes to your
                  | aid. [demonic ancestry]
  2676 | D:3      | Reached XP level 5. HP: 37/38 MP: 5/5
  3137 | D:4      | Found a radiant altar of Vehumet.
  3232 | D:4      | Reached skill level 6 in Short Blades
  3232 | D:4      | Gained mutation: Your touch may inflict irresistible damage
                  | on your foes. [demonic ancestry]
  3232 | D:4      | Reached XP level 6. HP: 21/44 MP: 6/6
  3550 | D:4      | Found an ancient bone altar of Kikubaaqudgha.
  3552 | D:4      | Noticed a human
  3554 | D:4      | Killed a human
  3664 | D:4      | Found a shimmering blue altar of Sif Muna.
  3941 | D:5      | Entered Level 5 of the Dungeon
  4124 | D:5      | Reached skill level 7 in Short Blades
  4191 | D:5      | Reached XP level 7. HP: 42/50 MP: 7/7
  4761 | D:5      | Reached skill level 8 in Short Blades
  5008 | D:5      | Found a burning altar of Makhleb.
  5063 | D:5      | Killed from afar by an orc wizard

Illustrated notes

Levels and vault maps discovered:
D:1:      minmay_arrival_solitary_statue, layout_rooms,
          shapermc_ecumenical_altar_rom_forum, nrook_mini_vaults,
          kennysheep_boxes
D:2:      layout_rooms
D:3:      minmay_octagon_keep, layout_loops_ring, portal_sewer_entry_f
D:4:      layout_rooms, tgw_kikubaaqudgha, led_sif_pool,
          mainiacjoe_overflow_large_starburst, serial_glass, glass_columns_c,
          glass_columns_a, glass_columns_a, glass_columns_a, glass_columns_a,
          glass_columns_b
D:5:      layout_loops_corners, chequers_mini_garden, grunt_ministairs_11,
          hangedman_decor_riveting, minmay_ruined_shrine

Skill      XL: |  1  2  3  4  5  6  7 |
---------------+----------------------+-----
Short Blades   | 3 4 5 6 7 8 |  8.4
Fighting       | |  2.0
Throwing       | |  1.7
Dodging        | |  2.6

Action                   |  1- 3 |  4- 6 |  7- 9 || total
-------------------------+-------+-------+-------++-------
Melee: Rapier            |   102 |    98 |       ||   200
       Punch             |     1 |     3 |     1 ||     5
       Touch             |     5 |    23 |    24 ||    52
       Dagger            |       |    33 |    68 ||   101
 Fire: Hunting sling     |       |    32 |       ||    32
  Use: Scroll            |       |       |     1 ||     1
 Stab: Sleeping          |     1 |       |       ||     1
Armor: Leather armour    |    30 |       |       ||    30
       Ring mail         |     2 |    33 |       ||    35
       Scale mail        |       |     7 |    24 ||    31
Dodge: Dodged            |    84 |    56 |    37 ||   177
